 Dungeon Crawl Stone Soup version 0.30-a0-586-g23e55c9e0a (webtiles) character file.

Game seed: 385642730339887515

1598 sokol815 the Covert (level 8, -1/52 HPs)
             Began as an Octopode Delver on Jan 4, 2023.
             Slain by a manticore (10 damage)
             ... on level 6 of the Dungeon.
             The game lasted 00:09:37 (5254 turns).

sokol815 the Covert (Octopode Delver)               Turns: 5254, Time: 00:09:37

Health: -1/52      AC:  5    Str: 11    XL:     8   Next: 93%
Magic:  11/11      EV: 15    Int: 13    God:
Gold:   389        SH:  0    Dex: 15    Spells: 8/11 levels left

rFire   . . .      SeeInvis +    a - +0 short sword
rCold   . . .      Faith    .    (no shield)
rNeg    . . .      Spirit   .    (helmet restricted)
rPois   .          Reflect  .    h - amulet of magic regeneration
rElec   .          Harm     .    A - +4 ring of protection
rCorr   +          Rampage  .    X - ring of resist corrosion
Will    .....                    V - ring of see invisible {sInv, !d}
Stlth   +++++                    (no ring)
HPRegen 0.28/turn                (no ring)
MPRegen 0.52/turn                (no ring)
                                 (no ring)
                                 (no ring)

@: no status effects
A: almost no armour, amphibious, 8 rings, camouflage 1, gelatinous body 1,
(nimble swimmer 1), tentacles
a: no special abilities


You were on level 6 of the Dungeon.
You visited 2 branches of the dungeon, and saw 7 of its levels.

You collected 389 gold pieces.

Inventory:

Hand Weapons
 a - a +0 short sword (weapon)
 p - a +0 flail of venom
   (You took it off Edmund on level 4 of the Dungeon)
Missiles
 f - 5 poisoned darts
 k - 6 javelins
 n - 4 atropa-tipped darts
 s - 46 stones
Magical Staves
 e - a staff of earth
   (You found it on level 4 of the Dungeon)
Jewellery
 h - an amulet of magic regeneration (around mantle)
   (You found it on level 3 of the Dungeon)
 A - a +4 ring of protection (left tentacle)
   (You found it on level 1 of the Dungeon)
 V - a ring of see invisible (on tentacle) {sInv, !d}
   (You found it on level 5 of the Dungeon)
 X - a ring of resist corrosion (right tentacle)
   (You found it on level 3 of the Dungeon)
Wands
 d - a wand of digging (3)
 j - a wand of polymorph (8)
   (You took it off Natasha on level 4 of the Dungeon)
 l - a wand of roots (3)
   (You found it on level 4 of the Dungeon)
 m - a wand of quicksilver (5)
   (You found it on level 3 of the Dungeon)
 q - a wand of flame (14)
   (You took it off Edmund on level 4 of the Dungeon)
Scrolls
 b - a scroll of fog
 g - 2 scrolls of vulnerability {!r!r}
 i - 4 scrolls of enchant armour
 r - a scroll of poison {!r}
 E - a scroll of fear
 Y - a scroll of teleportation {@r3}
Potions
 c - a potion of attraction {!q}
 o - 2 potions of flight {unknown}
 B - a potion of brilliance
 I - a potion of invisibility
 J - 5 potions of curing {@q1}
 M - 2 potions of magic
 P - a potion of lignification {!q}
 T - a potion of berserk rage {!q}


   Skills:
 + Level 3.5 Fighting
 + Level 6.0 Short Blades
 - Level 5.4 Dodging
 * Level 8.1 Stealth
 - Level 2.0 Spellcasting
 + Level 3.3 Translocations
 + Level 3.3 Fire Magic
 + Level 3.3 Air Magic


You had 8 spell levels left.
You knew the following spells:

 Your Spells              Type           Power      Damage    Failure   Level
a - Kindle Blastsparks    Fire/Tloc/Air  20%        2d11      19%         3

Your spell library contained the following spells:

 Spells                   Type           Power      Damage    Failure   Level
 Ignite Poison            Fire/Tmut/Pois 4%         N/A       43%         3
 Freezing Cloud           Conj/Ice/Air   2%         6-21      99%         5


Dungeon Overview and Level Annotations

Branches:
Dungeon (6/15) Zot: 26750  Temple (1/1) D:5 Zot: 5750

Altars:
Ashenzari
Cheibriados
Elyvilon
Fedhas
Hepliaklqana
Kikubaaqudgha
Makhleb
Nemelex Xobeh
Okawaru
Qazlal
Ru
Sif Muna
Trog
Uskayaw
Vehumet
Wu Jian
Yredelemnul
Zin
The Shining One

Annotations:
D:4 Eustachio
D:5 Sigmund


Innate Abilities, Weirdness & Mutations

You cannot wear most types of armour.
You are amphibious.
You can wear up to eight rings at the same time.
Your skin changes colour to match your surroundings (Stealth+).
Your rubbery body absorbs attacks. (AC +1, EV +1)
((You are camouflaged when in or above water. (Stealth+)))
You have tentacles for arms and can constrict up to eight enemies at once.


Message History

You constrict the necrophage. The necrophage closely misses you.
A howler monkey comes into view.
The howler monkey howls!
You hit the necrophage.
You destroy the necrophage!
A manticore comes into view.
You closely miss the howler monkey. Your grab misses the howler monkey.
The howler monkey barely misses you.
You hit the howler monkey. You grab the howler monkey.
You constrict the howler monkey. The howler monkey hits you.
You take 1 damage, and have 51/52 hp.
You release your grip on the howler monkey.
There is a stone staircase leading up here.
You hit the howler monkey. Your grab misses the howler monkey.
A necrophage comes into view.
The howler monkey misses you.
You hit the howler monkey. Your grab misses the howler monkey.
The howler monkey closely misses you.
You closely miss the howler monkey. Your grab misses the howler monkey.
You squeeze the howler monkey. The howler monkey hits you.
You barely miss the howler monkey. Your grab misses the howler monkey.
The howler monkey hits you.
You take 2 damage, and have 49/52 hp.
You closely miss the howler monkey. Your grab misses the howler monkey.
You squeeze the howler monkey. You barely miss the howler monkey.
You grab the howler monkey. You squeeze the howler monkey!
You constrict the howler monkey. The howler monkey hits you.
You take 2 damage, and have 47/52 hp.
You hit the howler monkey but do no damage.
You squeeze the howler monkey.
You kill the howler monkey!
You hit the necrophage. You grab the necrophage. You squeeze the necrophage.
You constrict the necrophage.
The necrophage hits you but does no damage.
You hit the necrophage.
You squeeze the necrophage, but do no damage.
You constrict the necrophage. The necrophage hits you.
You feel drained.
You take 1 damage, and have 47/51 hp.
You hit the necrophage. You constrict the necrophage. You hit the necrophage.
You constrict the necrophage.
You destroy the necrophage!
Your life force feels restored.
Your Stealth skill increases to level 8!
No target in view!
You now have 389 gold pieces (gained 8).
Things that are here:
a +0 robe; a +0 club A scorpion comes into view.
Health restored: 52
Things that are here:
+0 steam dragon scales; a steam dragon corpse
Items here: $ ) [ †.
You hit the scorpion but do no damage. Your grab misses the scorpion.
You squeeze the scorpion! The scorpion completely misses you.
You hit the scorpion but do no damage. Your grab misses the scorpion.
You squeeze the scorpion! The scorpion stings you.
You are poisoned.
The scorpion poisons you!
You take 6 damage, and have 46/52 hp.
You hit the scorpion but do no damage. Your grab misses the scorpion.
You feel very sick. The scorpion stings you.
You take 4 damage, and have 42/52 hp.
You hit the scorpion.
You kill the scorpion!
You feel sick.
Your Short Blades skill increases to level 6!
You take 2 damage, and have 40/52 hp.
No target in view!
You start resting.
You feel sick.
A troll comes into view.
You take 2 damage, and have 38/52 hp.
You feel sick.
You take 1 damage, and have 37/52 hp.
You feel sick.
You take 2 damage, and have 35/52 hp.
You start resting.
You feel sick.
A manticore is nearby!
You take 1 damage, and have 34/52 hp.
You feel sick.
A scorpion comes into view.
You feel sick.
The scorpion moves out of view.
You take 1 damage, and have 33/52 hp.
You feel sick.
You take 1 damage, and have 32/52 hp.
You closely miss the manticore.
You squeeze the manticore, but do no damage.
The manticore bites you!
* * * LOW HITPOINT WARNING * * *
The manticore claws you but does no damage.
The manticore claws you.
* * * LOW HITPOINT WARNING * * *
You take 20 damage, and have 12/52 hp.
MASSIVE DAMAGE!!
You feel better. The manticore bites you. The manticore claws you!
* * * LOW HITPOINT WARNING * * *
The manticore claws you!
You die...

#. .........<.......
#.###........#######
#......##...## #
..#...###.##
#.###.#...###.##
#.."[.#...##...##
.....#.[.[..#...#.##
.## #.###[........#
#..s..@##..##.#
.....#.H.##.## ...
.### #...##.# ###
#...##.. ........
###..####. .... .
..##


You could see a manticore and a scorpion.

Vanquished Creatures
  A steam dragon (D:6)
  Edmund (D:4)
  A water moccasin (D:4)
  3 ogres
  2 phantoms
  A bullfrog (D:4)
  2 necrophages (D:6)
  2 scorpions
  A howler monkey (D:6)
  A jelly (D:5)
  2 gnoll boudas
  An iguana (D:5)
  6 orc wizards
  Natasha (thrice) (D:4)
  3 gnolls (D:5)
  5 adders
  A worm (D:2)
  4 dart slugs
  5 orcs
  7 endoplasms
  4 giant cockroaches
  8 goblins
  9 hobgoblins
  8 jackals (D:1)
  A quokka (D:1)
  4 ball pythons
  8 bats
  5 frilled lizards
  5 kobolds
  10 rats
114 creatures vanquished.

Vanquished Creatures (others)
  3 fungi (D:3)
3 creatures vanquished.

Grand Total: 117 creatures vanquished

Notes
Turn   | Place    | Note
-------+----------+-------------------------------------------
     0 | D:5      | sokol815 the Octopode Delver began the quest for the Orb.
     0 | D:5      | Reached XP level 1. HP: 16/16 MP: 1/1
    39 | D:5      | Found a staircase to the Ecumenical Temple.
    46 | D:5      | Noticed an iguana
    48 | Temple   | Entered the Ecumenical Temple
   306 | D:5      | HP: 4/16 [iguana (12)]
   309 | D:5      | Killed an iguana
   310 | D:5      | Reached XP level 2. HP: 6/21 MP: 2/2
   310 | D:5      | Reached XP level 3. HP: 8/26 MP: 3/3
   347 | D:5      | Noticed an ogre
   410 | D:4      | Noticed a water moccasin
   416 | D:4      | Killed a water moccasin
   417 | D:4      | Reached skill level 3 in Short Blades
   417 | D:4      | Reached skill level 3 in Dodging
   417 | D:4      | Reached XP level 4. HP: 18/31 MP: 4/4
   417 | D:4      | Reached XP level 5. HP: 21/36 MP: 5/5
   551 | D:3      | Reached skill level 4 in Short Blades
   551 | D:3      | Reached skill level 4 in Dodging
  1959 | D:1      | Reached XP level 6. HP: 42/42 MP: 6/6
  2700 | D:3      | Learned a level 3 spell: Kindle Blastsparks
  3019 | D:4      | Noticed Natasha
  3023 | D:4      | Killed Natasha
  3148 | D:4      | Reached skill level 1 in Fire Magic
  3148 | D:4      | Reached skill level 1 in Air Magic
  3200 | D:4      | Found a hazy altar of Hepliaklqana.
  3287 | D:4      | Reached skill level 1 in Spellcasting
  3316 | D:4      | Reached skill level 1 in Translocations
  3316 | D:4      | Reached XP level 7. HP: 16/46 MP: 8/8
  3482 | D:4      | Noticed Edmund
  3490 | D:4      | Killed Edmund
  3491 | D:4      | Reached skill level 5 in Short Blades
  3592 | D:4      | Noticed Eustachio
  3750 | D:4      | Reached skill level 5 in Dodging
  3768 | D:4      | Noticed Natasha
  3785 | D:4      | Killed Natasha
  3786 | D:4      | Reached skill level 2 in Fire Magic
  3846 | D:4      | Reached skill level 2 in Spellcasting
  3846 | D:4      | Reached skill level 2 in Translocations
  3846 | D:4      | Reached skill level 2 in Air Magic
  3938 | D:4      | Noticed Natasha
  3955 | D:4      | Killed Natasha
  4136 | D:5      | Reached XP level 8. HP: 28/52 MP: 11/11
  4395 | D:5      | Noticed Sigmund
  4668 | D:5      | Reached skill level 7 in Stealth
  5029 | D:6      | Reached skill level 3 in Translocations
  5029 | D:6      | Reached skill level 3 in Fire Magic
  5029 | D:6      | Reached skill level 3 in Air Magic
  5029 | D:6      | HP: 6/52 [something (9)]
  5029 | D:6      | HP: 2/52 [gnoll bouda/+0 club (4)]
  5196 | D:6      | Noticed a manticore
  5214 | D:6      | Reached skill level 8 in Stealth
  5246 | D:6      | Reached skill level 6 in Short Blades
  5246 | D:6      | Noticed a troll
  5253 | D:6      | HP: 12/52 [manticore (3)]
  5254 | D:6      | Slain by a manticore

Illustrated notes

Levels and vault maps discovered:
D:1:      tarquinn_simple_flora_water_a, layout_basic,
          chequers_serial_rivers_room_b
D:2:      layout_loops_corners
D:3:      layout_basic, dreamdust_mushroom_princess
D:4:      layout_loops_ring, worldfamousw_hep_ancestral_shrine, uniq_edmund,
          uniq_natasha, uniq_eustachio
D:5:      layout_basic, minmay_temple_entry_trees, st_stairs_4,
          kennysheep_small_spiral, uniq_sigmund
D:6:      hangedman_cross_stitches, layout_loops_corners, serial_shops, shop,
          shop_fountains, shop
Temple:   mainiacjoe_temple_bowtie_tessellation

Skill      XL: |  1  2  3  4  5  6  7  8 |
---------------+-------------------------+-----
Short Blades   | 3 4 5 6 |  6.0
Dodging        | 3 4 5 |  5.4
Fire Magic     | 1 2 3 |  3.3
Air Magic      | 1 2 3 |  3.3
Spellcasting   | 1 2 |  2.0
Translocations | 1 2 3 |  3.3
Stealth        | 8 |  8.1
Fighting       | |  3.5

Action                   |  1- 3 |  4- 6 |  7- 9 || total
-------------------------+-------+-------+-------++-------
Melee: Short sword       |     9 |   186 |   147 ||   342
       Tentacles         |     8 |    29 |    50 ||    87
       Constrict         |     3 |    35 |    18 ||    56
       Punch             |       |     3 |     4 ||     7
       Unarmed           |       |       |    13 ||    13
Throw: Stone             |       |     1 |       ||     1
Evoke: Wand              |       |       |     3 ||     3
  Use: Potion            |     1 |       |     2 ||     3
       Scroll            |     1 |    12 |     2 ||    15
 Stab: Sleeping          |       |    28 |     8 ||    36
       Distracted        |       |     1 |     1 ||     2
Armor: Skin              |       |    22 |    13 ||    35
Dodge: Dodged            |     4 |    81 |    65 ||   150

Table legend: (Time is in decaauts)
 A = Elapsed time spent in this place.
 B = Non-inter-level travel time spent in this place.
 C = Inter-level travel time spent in this place.
 D = Time resting spent in this place.
 E = Time spent auto-exploring this place.
 F = Levels seen in this place.
 G = Mean time per level.
                   A        B        C        D        E       F      G
               +--------+--------+--------+--------+--------+-----+--------+
         Total |   5146 |   4955 |    191 |    631 |   3462 |   7 |  735.1 |
       Dungeon |   4896 |   4734 |    162 |    631 |   3256 |   6 |  816.0 |
        Temple |    249 |    220 |     29 |      0 |    206 |   1 |  249.0 |
               +--------+--------+--------+--------+--------+-----+--------+

Top non-repeatable levels by time:
     D:4: 1252 daAuts
     D:5: 1127 daAuts
     D:2: 907 daAuts
     D:1: 874 daAuts
     D:3: 622 daAuts
  Temple: 249 daAuts
     D:6: 111 daAuts

Table legend:
 A = Kills in this place as a percentage of kills in entire the game.
 B = Kills by you in this place as a percentage of kills by you in the entire game.
 C = Kills by friends in this place as a percentage of kills by friends in the entire game.
 D = Other kills in this place as a percentage of other kills in the entire game.
 E = Experience gained in this place as a percentage of experience gained in the entire game.
 F = Experience gained in this place divided by the number of levels of this place that you have seen.
                   A       B       C       D       E      F
               +-------+-------+-------+-------+-------+----------------------
         Total | 100.0 | 100.0 |   N/A |   N/A | 100.0 | 326.1
       Dungeon | 100.0 | 100.0 |   N/A |   N/A | 100.0 | 380.5
               +-------+-------+-------+-------+-------+----------------------
